 Dungeon Crawl Stone Soup version 0.25-b1-23-ge2ad7d536c (webtiles) character file.

Game seed: 5838000658458200543, levelgen mode: deterministic

665 Esekla the Magician (level 7, 0/45 HPs)
             Began as an Octopode Wizard on June 2, 2020.
             Slain by Duvessa
             ... wielding a cursed -2 rapier
              (7 damage)
             ... on level 5 of the Dungeon.
             The game lasted 00:31:20 (4801 turns).

Esekla the Magician (Octopode Wizard)               Turns: 4801, Time: 00:31:21

Health: 0/45       AC:  2    Str:  8    XL:     7   Next: 57%
Magic:  8/14       EV: 14    Int: 21    God:
Gold:   218        SH:  0    Dex: 16    Spells: 7/16 levels left

rFire    . . .     SeeInvis .   v - +4 dagger (venom)
rCold    . . .     Gourm    .   (no shield)
rNeg     . . .     Faith    .   a - +1 hat
rPois    .         Spirit   .   x - amulet of regeneration
rElec    .         Reflect  .   t - ring of stealth
rCorr    .         Harm     .   z - +6 ring of dexterity
MR       .....                  (no ring)
Stlth    ++++......             (no ring)
HPRegen  0.55/turn              (no ring)
MPRegen  0.14/turn              (no ring)
                                (no ring)
                                (no ring)

@: no status effects
A: almost no armour, stealthy swim, amphibious, 8 rings, constrict 8, camouflage
1, gelatinous body 1
a: no special abilities


You were on level 5 of the Dungeon.
You were not hungry.

You visited 1 branch of the dungeon, and saw 5 of its levels.
You also visited: Sewer.

You collected 218 gold pieces.

Inventory:

Hand Weapons
 d - a +1 dagger of distortion
 v - a +4 dagger of venom (weapon)
Missiles
 s - 3 boomerangs (quivered)
 y - 12 poisoned darts
 B - 5 javelins
Armour
 a - a +1 hat (worn)
Jewellery
 t - a ring of stealth (left tentacle)
 x - an amulet of regeneration (around mantle)
 z - a +6 ring of dexterity (right tentacle)
 C - an uncursed amulet of reflection
Wands
 r - a wand of digging (4)
Scrolls
 f - 5 scrolls of identify
 g - 3 scrolls of teleportation
 h - 2 scrolls of enchant armour
 j - a scroll of fog {unknown}
 n - a scroll of noise {unknown}
 p - a scroll of remove curse {unknown}
 q - a scroll of fear {unknown}
 w - a scroll of enchant weapon {unknown}
 A - a scroll of immolation {unknown}
Potions
 b - 3 potions of curing
 e - 3 potions of flight {unknown}
 i - 4 potions of might
 k - 4 potions of heal wounds {unknown}
 l - 2 potions of brilliance {unknown}
 m - a potion of stabbing {unknown}
 o - a potion of mutation {unknown}
 u - 2 potions of haste {unknown}
Comestibles
 c - 11 rations


   Skills:
 + Level 2.4 Fighting
 + Level 4.2 Short Blades
 + Level 2.8 Dodging
 - Level 2.6 Stealth
 * Level 5.1 Spellcasting
 + Level 1.7 Conjurations
   Level 1.0 Summonings
 * Level 2.4 Translocations
 * Level 0.9 Air Magic
 * Level 1.0 Poison Magic


You had 7 spell levels left.
You knew the following spells:

 Your Spells              Type           Power        Failure   Level  Hunger
a - Magic Dart            Conj           ##..         5%          1    None
b - Blink                 Tloc           N/A          6%          2    None
c - Mephitic Cloud        Conj/Pois/Air  ##......     19%         3    ##.....
f - Conjure Flame         Conj/Fire      #.......     22%         3    ##.....

Your spell library contained the following spells:

 Spells                   Type           Power        Failure   Level  Hunger
 Call Imp                 Summ           #.......     11%         2    None
 Slow                     Hex            #.......     16%         2    None


Dungeon Overview and Level Annotations

Branches:
Dungeon (5/15)              Sewer (visited)
 Temple: D:4-7

Altars:
Dithmenos
Fedhas
Nemelex Xobeh
Okawaru
Sif Muna

Annotations:
D:5 Duvessa


Innate Abilities, Weirdness & Mutations

You cannot wear most types of armour.
You are very stealthy in the water. (Stealth+)
You are amphibious.
You can wear up to eight rings at the same time.
You can use your tentacles to constrict eight enemies at once.
Your skin changes colour to match your surroundings (Stealth+).
Your rubbery body absorbs attacks. (AC +1, EV +1)


Message History

Your grab misses Duvessa.
Duvessa is lightly wounded.
Duvessa hits you with a cursed -2 rapier!
* * * LOW HITPOINT WARNING * * *
The centaur barely misses you.
You feel better.
The sentinel's mark upon you fades away.
Duvessa hits the orc with a cursed -2 rapier.
The centaur hits you!
* * * LOW HITPOINT WARNING * * *
The centaur misses you.
You hit the orc but do no damage. You grab the orc.
You squeeze the orc, but do no damage.
The orc is severely wounded.
You constrict the orc. Duvessa closely misses you.
The orc hits you with a cursed -1 mace.
* * * LOW HITPOINT WARNING * * *
The centaur barely misses you.
Duvessa hits you with a cursed -2 rapier!
You die...

#.# ... #### ... #### ...$.
##...##.##...## .....
#.8.8.#.#.8.8.# .# .....
#.._..#.#.._..# .# .....#
.8..)#.#...8.# .######
....##...'#.#'...### .......
#..#####..e#####.####.......
#.Z.).)..Zo@co)...##........
##.#####..Z#####..#.........
###...'#.#'...##........... #.
#.8...#.#...8.#.##........
.....#.._..#.#.._..####........
.......#.8.8.#.#.8.8.#
#........
.......##...##.##...##
#...e.?..
........#####...######
#...%....
.........####........#
#........


You could see Duvessa (berserk, fast, confused, very poisoned), a centaur (very
poisoned), 2 orcs, a centaur zombie and a centaur skeleton.

Vanquished Creatures
  A big kobold (Sewer)
  A bullfrog (D:4)
  Dowan (D:5)
  2 crimson imps
  An orc priest (D:5)
  A hound (D:5)
  An orc wizard (D:5)
  Natasha (thrice) (D:2)
  A worker ant (D:4)
  A worker ant zombie (D:5)
  A river rat (Sewer)
  8 adders
  An ooze (D:3)
  An adder zombie (D:5)
  4 worms
  An adder skeleton (D:3)
  3 dart slugs
  4 leopard geckos
  4 orcs
  10 bats
  A bat zombie (D:1)
  4 giant cockroaches
  8 goblins
  4 hobgoblins
  17 jackals
  13 kobolds
  A quokka (D:3)
  2 ball pythons
  5 frilled lizards
  A leopard gecko zombie (D:1)
  10 rats
116 creatures vanquished.

Notes
Turn   | Place    | Note
-------+----------+-------------------------------------------
     0 | D:1      | Esekla the Octopode Wizard began the quest for the Orb.
     0 | D:1      | Reached XP level 1. HP: 11/11 MP: 4/4
   249 | D:1      | Reached XP level 2. HP: 17/17 MP: 4/6
   256 | D:1      | Learned a level 2 spell: Blink
   528 | D:1      | Reached XP level 3. HP: 21/21 MP: 8/8
   960 | D:1      | Reached skill level 4 in Spellcasting
   976 | D:1      | Learned a level 3 spell: Mephitic Cloud
   980 | D:1      | Learned a level 3 spell: Conjure Flame
  1299 | D:2      | Reached XP level 4. HP: 13/27 MP: 10/10
  1643 | D:2      | Noticed Natasha
  1655 | D:2      | Killed Natasha
  1672 | D:2      | Reached skill level 1 in Short Blades
  1850 | D:2      | Noticed Natasha
  1868 | D:2      | Killed Natasha
  1868 | D:2      | Reached XP level 5. HP: 5/32 MP: 9/11
  2283 | D:2      | Noticed Natasha
  2288 | D:2      | Killed Natasha
  2351 | D:2      | Reached skill level 1 in Fighting
  2680 | D:3      | Found a glowing drain.
  2718 | Sewer    | Entered a sewer
  2850 | Sewer    | Noticed a big kobold
  2862 | Sewer    | Killed a big kobold
  2862 | Sewer    | Reached XP level 6. HP: 35/39 MP: 11/13
  2874 | Sewer    | Found a glowing silver altar of Zin.
  4166 | D:4      | Reached skill level 5 in Spellcasting
  4166 | D:4      | Reached XP level 7. HP: 45/45 MP: 14/14
  4482 | D:5      | Entered Level 5 of the Dungeon
  4482 | D:5      | Found a sparkling altar of Nemelex Xobeh.
  4738 | D:5      | Found a shadowy altar of Dithmenos.
  4738 | D:5      | Found a shimmering blue altar of Sif Muna.
  4738 | D:5      | Found a blossoming altar of Fedhas.
  4762 | D:5      | Noticed Dowan
  4764 | D:5      | Noticed Duvessa
  4779 | D:5      | Found an iron altar of Okawaru.
  4783 | D:5      | Killed Dowan
  4783 | D:5      | Reached skill level 1 in Poison Magic
  4801 | D:5      | Slain by Duvessa

Illustrated notes

Levels and vault maps discovered:
D:1:      saegor_arrival_fortress, layout_basic
D:2:      layout_basic, minmay_circle_x, uniq_natasha
D:3:      layout_rooms, cheibrodos_sewer_entry_bend, minmay_misc_feat_rugged
D:4:      minmay_wonky_spiral, layout_basic, first_ration, minmay_quantized
D:5:      layout_cave_pods, grunt_temple_overflow_cloverleaf, basic_altar,
          uniq_edmund, uniq_duvessa, uniq_eustachio

Skill      XL: |  1  2  3  4  5  6  7 |
---------------+----------------------+-----
Spellcasting   | 4 5 |  5.1
Short Blades   | 1 2 3 4 |  4.2
Fighting       | 1 2 |  2.4
Translocations | 2 |  2.4
Poison Magic   | 1 |  1.0
Dodging        | |  2.8
Stealth        | |  2.6
Conjurations   | |  1.7
Summonings     | |  1.0
Air Magic      | |  0.9

Action                   |  1- 3 |  4- 6 |  7- 9 || total
-------------------------+-------+-------+-------++-------
Melee: Short sword       |     7 |       |       ||     7
       Constrict         |    16 |    29 |    11 ||    56
       Tentacles         |     8 |    10 |     8 ||    26
       Dagger            |    49 |   119 |    46 ||   214
 Cast: Magic Dart        |    45 |    22 |     1 ||    68
       Blink             |       |     3 |     3 ||     6
       Mephitic Cloud    |       |     1 |     1 ||     2
  Use: Scroll            |       |     6 |     1 ||     7
       Potion            |       |       |     2 ||     2
 Stab: Sleeping          |     4 |    14 |     3 ||    21
  Eat: Chunk             |     1 |     9 |     2 ||    12
Armor: Skin              |     8 |    10 |     3 ||    21
Dodge: Dodged            |    50 |    55 |    34 ||   139
